AoeStats
← Mhafiki

Arabia

508359760Analyzed
3v3 RM · 9d ago on Sep 22, 2026· 41m 17s· 6 players
Game mode
Random Map
Map size
Normal (6 player)
Population
200
Speed
Normal
Resources
Standard
Victory
Conquest
Starting age
Dark Age
Ending age
Imperial Age
RankedLock teamsTeams togetherTeam positionsShared explorationLock speedFull tech treeHidden civsTurbo modeCheats
Victory
Defeat
🇺🇸 Burgundians · United States
1242
+13
🇨🇳 Saracens · China
1213
+14
🇦🇷 Aztecs · Argentina
1130
+18
🇺🇸 Bengalis · United States
1220
-17
🇺🇸 Italians · United States
1154
-14
🇺🇸 Tupi · United States
1146
-14
DVaso
10:03 Feudal Age
9:47 Loom
22:55 Castle Age
22:14 Fletching
23:36 Bodkin Arrow
24:35 Padded Archer Armor
29:29 Horse Collar
29:35 Double-Bit Axe
39:35 Imperial Age
37:44 Wheelbarrow
40:44 Ballistics
40:44 Leather Archer Armor
41:00 Bracer
42:04 Chemistry
41:31 Bow Saw
Triqem
7:38 Loom
11:07 Feudal Age
19:54 Castle Age
18:40 Double-Bit Axe
18:38 Horse Collar
19:11 Stone Mining
19:10 Champi Runner
21:20 Champi Warrior
22:29 Gold Mining
22:43 Heavy Plow
22:51 Fletching
23:58 Squires
24:52 Padded Archer Armor
24:56 Scale Mail Armor
25:56 Arson
26:12 Bodkin Arrow
27:19 Wheelbarrow
29:14 Forging
30:25 Ballistics
30:54 Gold Shaft Mining
33:02 Chain Mail Armor
34:07 Iron Casting
40:36 Imperial Age
40:19 Leather Archer Armor
40:22 Bow Saw
Mhafiki
11:12 Feudal Age
10:38 Loom
13:34 Double-Bit Axe
19:13 Castle Age
16:56 Horse Collar
17:09 Gold Mining
20:12 Bow Saw
20:36 Heavy Plow
22:22 Fletching
22:33 Padded Archer Armor
24:08 Bodkin Arrow
29:23 Gold Mining
33:59 Imperial Age
32:05 Wheelbarrow
33:18 Leather Archer Armor
33:16 Bloodlines
33:06 Husbandry
34:14 Paiks
35:03 Bracer
36:13 Hand Cart
36:48 Ring Archer Armor
37:15 Onager
38:27 Light Cavalry
39:25 Forging
39:20 Scale Barding Armor
39:29 Forging
40:35 Two-Man Saw
40:14 Crop Rotation
WolfDog2539
3:41 Double-Bit Axe
6:36 Loom
9:19 Feudal Age
9:38 Man-at-Arms
11:11 Horse Collar
11:29 Arson
15:46 Bow Saw
17:12 Wheelbarrow
16:47 Gold Mining
21:11 Castle Age
20:18 Gold Shaft Mining
21:45 Stone Mining
22:57 Two-Man Saw
21:57 Heavy Plow
21:58 Town Watch
23:39 Stone Shaft Mining
24:16 Hand Cart
32:38 Imperial Age
31:41 Scale Barding Armor
31:47 Forging
32:48 Chain Barding Armor
32:57 Husbandry
33:48 Fletching
33:58 Padded Archer Armor
33:52 Fletching
34:32 Conscription
35:25 Ballistics
36:06 Chemistry
34:29 Elite Skirmisher
35:28 Bodkin Arrow
35:34 Padded Archer Armor
36:21 Bracer
37:54 Leather Archer Armor
38:52 Hoardings
39:10 Masonry
39:30 Treadmill Crane
40:23 Architecture
40:23 Chain Barding Armor
40:38 Iron Casting
41:48 Plate Barding Armor
wuyu
2:46 Loom
13:21 Feudal Age
18:14 Castle Age
16:18 Double-Bit Axe
16:15 Horse Collar
16:45 Stone Mining
30:02 Wheelbarrow
29:21 Fletching
32:22 Bodkin Arrow
33:17 Bloodlines
34:21 Scale Barding Armor
36:03 Bow Saw
35:56 Heavy Plow
36:46 Gold Mining
38:44 Forging
38:56 Chain Barding Armor
38:39 Husbandry
42:10 Imperial Age
40:47 Iron Casting
dsoliver Lmanq
7:59 Loom
10:34 Feudal Age
14:40 Castle Age
13:33 Forging
14:37 Scale Mail Armor
15:51 Double-Bit Axe
18:21 Horse Collar
23:31 Fletching
23:36 Gold Mining
24:42 Squires
24:28 Gambesons
27:36 Chain Mail Armor
27:39 Eagle Warrior
29:47 Iron Casting
32:38 Wheelbarrow
37:06 Imperial Age
35:08 Bow Saw
35:05 Murder Holes
35:44 Bodkin Arrow
37:48 Ballistics
38:11 Gold Shaft Mining
37:28 Elite Eagle Warrior
39:15 Plate Mail Armor
40:21 Blast Furnace
40:04 Heavy Plow
Connection lost

Rejoining the realm…

Still unreachable

The connection could not be restored.

Session expired

The server has moved on; the page needs a fresh start.